 Dungeon Crawl Stone Soup version 0.19.5 (console) character file.

87162 itsmu the Tainter (level 15, -4/112 HPs)
             Began as a Demonspawn Venom Mage on Mar 9, 2017.
             Was the Champion of Kikubaaqudgha.
             Slain by a wolf spider (5 damage)
             ... on level 1 of the Spider Nest.
             The game lasted 02:26:52 (37845 turns).

itsmu the Tainter (Demonspawn Venom Mage)          Turns: 37845, Time: 02:26:54

Health: -4/112     AC: 11    Str: 11    XL:     15   Next: 42%
Magic:  0/31       EV: 12    Int: 22    God:    Kikubaaqudgha [******]
Gold:   1624       SH:  5    Dex: 15    Spells: 9 memorised, 5 levels left

rFire  + . .     SeeInvis +     a - +1 whip (pain)
rCold  + . .     Gourm    .     r - +1 leather armour {rC+}
rNeg   . . .     Faith    .     w - +0 buckler
rPois  .         Spirit   +     (helmet unavailable)
rElec  +         Reflect  .     H - +0 cloak of Kofiy {rElec}
rCorr  .         Harm     .     (no gloves)
MR     +....                    L - +0 pair of boots
Stlth  ++++......               (no amulet)
                                F - ring of wizardry
                                K - ring of the Saviour {rF+ Stlth+}

@: mighty, lethally poisoned (-4 -> -72), repel missiles
A: antennae 3, molten scales 2, camouflage 1, high mp 1, powered by pain 1,
electricity resistance, weak 1, wild magic 1, magic shield, magic regeneration
a: Receive Corpses, Torment, Brand Weapon With Pain, Receive Necronomicon,
Renounce Religion


You were on level 1 of the Spider Nest.
You worshipped Kikubaaqudgha.
Kikubaaqudgha was exalted by your worship.
You were not hungry.

You visited 5 branches of the dungeon, and saw 25 of its levels.
You visited the Abyss 1 time.
You also visited: Labyrinth and Volcano.

You collected 1938 gold pieces.
You spent 314 gold pieces at shops.

Inventory:

Hand Weapons
 a - a +1 whip of pain (weapon)
   (You took it off an orc on level 5 of the Dungeon)
 b - the +3 mace of the Harvest {crush, SInv Stlth+}
   (You found it on level 5 of the Lair of Beasts)

   It inflicts extra damage upon your enemies.
   It lets you see invisible.
   It makes you more stealthy.
Armour
 r - a +1 leather armour of cold resistance (worn)
   (You took it off an orc on level 4 of the Dungeon)
 w - a +0 buckler (worn)
   (You found it on level 6 of the Dungeon)
 H - the +0 cloak of Kofiy (worn) {rElec}
   (You found it on level 5 of the Abyss)

   It insulates you from electricity.
 L - a +0 pair of boots (worn)
   (You found it on level 13 of the Dungeon)
 N - +0 fire dragon scales
   (You found it on level 5 of the Lair of Beasts)
Jewellery
 g - a +3 ring of protection
   (You found it on level 5 of the Dungeon)
 k - the amulet of the Louse {Harm *Drain rF+ Int+5}
   (You found it on level 14 of the Dungeon)

   [amulet of harm]

   It increases damage dealt and taken.
   It affects your intelligence (+5).
   It protects you from fire.
   It causes draining when unequipped.
 A - an uncursed ring of flight
   (You found it on level 6 of the Dungeon)
 F - a ring of wizardry (right hand)
   (You found it on level 7 of the Dungeon)
 K - the ring of the Saviour (left hand) {rF+ Stlth+}
   (You acquired it on level 6 of the Lair of Beasts)

   [ring of protection from fire]

   It protects you from fire.
   It makes you more stealthy.
 Z - an uncursed ring of protection from magic
   (You found it on level 5 of the Lair of Beasts)
Wands
 h - a wand of heal wounds (5/9)
   (You found it on level 11 of the Dungeon)
 m - a wand of flame (13/48)
   (You found it on level 1 of the Lair of Beasts)
 s - a wand of confusion (36/48)
   (You found it on level 4 of the Lair of Beasts)
 t - a wand of teleportation (2/9)
   (You found it on level 11 of the Dungeon)
 u - a wand of hasting (2/9)
   (You took it off a minotaur in a labyrinth)
 x - a wand of paralysis (16/24)
   (You found it on level 14 of the Dungeon)
 C - a wand of flame (21/48)
   (You found it on level 15 of the Dungeon)
 T - a wand of lightning (11/15)
   (You found it in a labyrinth)
 X - a wand of heal wounds (2/9)
   (You found it in a labyrinth)
Scrolls
 f - 5 scrolls of magic mapping
 i - a scroll of teleportation
 G - 8 scrolls of identify
 R - 4 scrolls of fog
Potions
 d - 2 potions of might
 q - 8 potions of flight
 z - 4 potions of brilliance
 D - 3 potions of heal wounds
 J - 2 potions of magic
Miscellaneous
 y - 4 phantom mirrors
Comestibles
 c - 10 bread rations
 l - a chunk of flesh
 p - 8 meat rations
 B - 3 royal jellies
 E - 18 fruits


   Skills:
 + Level 8.4 Fighting
 + Level 9.8 Maces & Flails
 + Level 11.0 Armour
 - Level 1.7 Dodging
 - Level 1.7 Stealth
 - Level 4.4 Shields
 + Level 9.9 Spellcasting
 - Level 5.0 Conjurations
 + Level 12.3 Necromancy
 - Level 5.0 Air Magic
 + Level 12.7 Poison Magic


You had 5 spell levels left.
You knew the following spells:

 Your Spells              Type           Power        Failure   Level  Hunger
a - Sting                 Conj/Pois      ####         1%          1    None
b - Mephitic Cloud        Conj/Pois/Air  ######..     1%          3    None
c - Olgreb's Toxic Radia  Pois           ######..     1%          4    ##.....
d - Vampiric Draining     Necr           ######....   1%          3    None
f - Agony                 Necr           ######..     1%          5    ####...
A - Apportation           Tloc           ##........   6%          1    None
D - Dispel Undead         Necr           ######..     1%          5    ####...
K - Animate Dead          Necr           N/A          1%          4    ##.....
O - Repel Missiles        Chrm/Air       ####..       4%          2    None


Dungeon Overview and Level Annotations

Branches:
Dungeon (15/15)            Temple (1/1) D:5            Lair (6/6) D:8
 Shoals (0/4) Lair:4       Spider (1/4) Lair:3        Slime (0/5) Lair:6
    Orc (2/2) D:11            Elf (0/3) Orc:2        Vaults (0/5) D:13
 Depths (0/5) D:15

Altars:
Ashenzari
Cheibriados
Dithmenos
Elyvilon
Fedhas
Gozag
Hepliaklqana
Kikubaaqudgha
Makhleb
Nemelex Xobeh
Okawaru
Qazlal
Trog
Uskayaw
Vehumet
Xom
Zin
The Shining One

Shops:
D:9 %   D:11 (   D:14 ?   D:15 (   Orc:2 [

Annotations:
D:3 Grinder; tricornhat's ghost, amateur HEFE
D:4 1 runed door
D:10 exclusions: downstairs and 6 more exclusions
D:11 skeletal warrior band
Orc:2 ridiculous!


Innate Abilities, Weirdness & Mutations

You have a pair of large antennae on your head. (SInv)
You are mostly covered in molten scales. (AC +3)
You sometimes gain a little power by taking damage.
When hurt, damage is shared between your health and your magic reserves.
You regenerate magic rapidly.
Your skin changes colour to match your surroundings (Stealth+).
You have an increased reservoir of magic. (+10% MP)
You are resistant to electric shocks. (rElec)
You are weak. (Str -2)
Your spells are a little harder to cast, but a little more powerful.


Message History

You feel very sick. The wolf spider hits you!
* * * LOW HITPOINT WARNING * * *
The wolf spider completely misses you. The wolf spider barely misses you.
The wolf spider closely misses you. The wolf spider misses you.
The wolf spider bites you.
* * * LOW HITPOINT WARNING * * *
You are more poisoned.
The wolf spider poisons you! The wolf spider hits you.
* * * LOW HITPOINT WARNING * * *
The wolf spider bites you!
* * * LOW HITPOINT WARNING * * *
Okay, then.
* * * LOW HITPOINT WARNING * * *
You feel very sick. The wolf spider hits you!!
* * * LOW HITPOINT WARNING * * *
The wolf spider bites you.
You die...
Kikubaaqudgha rasps: "You have failed me!
Welcome... death!"

###≈≈≈≈ ##≈≈....≈
##.≈≈≈≈...###
....≈....^.≈#
............
...........##
..........#.#
^....(......####
.........†M†#..#
.........ss#...#
..........s.^..#
.............###
..............#
..................
..................
.....?....%.......
..................


You could see 3 wolf spiders.

Vanquished Creatures
  The ghost of Azzok the Severer, a journeyman MiGl of Okawaru (D:12)
  A stone giant (Orc:1)
  A minotaur (Lab)
  An ice dragon (D:13)
  7 hydras
  A catoblepas (Lair:6)
  A centaur warrior (D:12)
  3 death yaks (Lair:6)
  A death knight (D:15)
  A deep troll shaman (Lair:6)
  An orc high priest (Orc:1)
  3 skeletal warriors (D:11)
  7 wizards
  A flayed ghost (D:12)
  5 hill giants
  3 wolf spiders (Spider:1)
  An orc knight (D:15)
  5 cyclopes
  2 deep elf magi (D:15)
  2 manticores
  5 ugly things
  A moth of wrath (shapeshifter) (D:15)
  6 elephants
  3 black mambas (Lair:6)
  8 spiny frogs
  An efreet (D:13)
  A kobold demonologist (D:12)
  A rime drake (Lair:6)
  8 komodo dragons
  4 freezing wraiths
  A redback zombie (D:9)
  A tengu conjurer (D:15)
  2 jumping spiders (Spider:1)
  4 trolls
  2 two-headed ogres
  3 hornets
  Prince Ribbit (D:5)
  10 blink frogs
  3 polar bears
  3 slime creatures
  5 hippogriffs
  A shadow (D:14)
  Sigmund (D:5)
  38 yaks
  2 wyverns
  A tarantella (Spider:1)
  A vampire (D:14)
  3 wraiths
  Eustachio (D:4)
  15 humans (D:13)
  4 basilisks
  4 hogs (Lair:5)
  4 hungry ghosts
  A warg (D:15)
  Edmund (D:5)
  6 water moccasins
  Duvessa (D:7)
  An alligator simulacrum (Abyss:3)
  8 porcupines
  19 orc warriors
  5 phantoms
  4 ice beasts
  2 black bears
  A hornet zombie (D:9)
  9 sky beasts
  12 centaurs
  5 boggarts (D:14)
  11 ogres
  18 crocodiles
  8 wolves
  3 big kobolds
  21 bullfrogs
  A gnoll sergeant (D:10)
  A wyvern skeleton (D:8)
  3 scorpions
  Dowan (D:7)
  30 killer bees
  3 wights (D:15)
  14 howler monkeys
  4 electric eels
  7 crimson imps
  2 quasits
  2 centaur zombies
  3 bullfrog skeletons
  13 orc priests
  A gnoll shaman (D:6)
  5 hounds
  3 jellies
  19 orc wizards
  6 iguanas
  Terence (D:3)
  2 centaur skeletons
  13 worker ants
  2 hound skeletons
  A worker ant zombie (D:5)
  A howler monkey zombie (D:5)
  10 gnolls
  3 howler monkey skeletons
  4 river rats (D:8)
  13 adders
  6 shadow imps
  An ufetubus (Abyss:3)
  An adder zombie (D:6)
  2 adder skeletons
  3 worms
  5 dart slugs
  6 leopard geckos
  86 orcs
  2 ball pythons (D:1)
  4 giant cockroaches
  9 goblins
  6 hobgoblins
  13 jackals
  6 quokkas
  3 bats
  10 frilled lizards
  A jackal skeleton (D:8)
  16 kobolds
  A quokka skeleton (D:5)
  11 rats
  3 butterflies (Lair:3)
695 creatures vanquished.

Vanquished Creatures (collateral kills)
  A profane servitor (Abyss:5)
  A tentacled starspawn (Abyss:5)
  A dire elephant (D:15)
  2 fire dragons
  A vault guard (D:13)
  A catoblepas (Lair:6)
  A death yak (Lair:6)
  A dancing weapon (Abyss:5)
  3 thrashing horrors (Abyss:5)
  A wretched star (Abyss:5)
  A hill giant (D:15)
  A lindwurm (Lair:6)
  3 large abominations (Abyss:5)
  An orc sorcerer (Abyss:5)
  A wolf spider (Spider:1)
  A manticore (D:15)
  An elephant (Lair:6)
  A black mamba (Lair:2)
  5 smoke demons (Abyss:5)
  3 spiny frogs
  A gargoyle (D:12)
  A centaur skeleton (D:10)
  3 komodo dragons
  An efreet (D:15)
  A hellwing (Abyss:5)
  A troll (D:12)
  A queen bee (Lair:3)
  4 blink frogs
  A slime creature (D:15)
  4 humans (D:13)
  A hog (Lair:5)
  4 chaos spawn (Abyss:5)
  4 neqoxecs (Abyss:5)
  A steam dragon (Lair:2)
  A warg (Orc:1)
  3 insubstantial wisps (Abyss:5)
  6 water moccasins
  3 orc warriors
  A porcupine (Lair:5)
  An ice beast (D:11)
  An eye of draining (D:12)
  2 ogres
  A small abomination (Abyss:5)
  A wyvern zombie (D:11)
  6 bullfrogs
  A wyvern skeleton (D:11)
  An electric eel (Lair:5)
  2 quasits
  6 starcursed masses (Abyss:5)
  2 orc priests (Orc:1)
  2 orc wizards (Orc:1)
  A worker ant (D:12)
  5 orcs
  A fungus (Lair:3)
  A plant (Lair:6)
107 creatures vanquished.

Vanquished Creatures (others)
  Kirke (Lair:5)
  A wizard (D:5)
  A raiju (Abyss:5)
  12 fungi
  3 lurking horrors
  26 plants
  8 starspawn tentacles (Abyss:5)
52 creatures vanquished.

Grand Total: 854 creatures vanquished

Notes
Turn   | Place    | Note
-------+----------+-------------------------------------------
     0 | D:1      | itsmu the Demonspawn Venom Mage began the quest for the Orb.
     0 | D:1      | Reached XP level 1. HP: 13/13 MP: 3/3
   397 | D:1      | Gained mutation: When hurt, damage is shared between your health and your magic reserves. [demonic ancestry]
   397 | D:1      | Reached XP level 2. HP: 19/19 MP: 3/5
   398 | D:1      | that sounds horrible.
   630 | D:1      | Reached skill level 1 in Conjurations
   856 | D:1      | Reached skill level 1 in Armour
  1257 | D:2      | Reached XP level 3. HP: 24/24 MP: 3/6
  1309 | D:2      | Learned a level 3 spell: Mephitic Cloud
  2040 | D:2      | Gained mutation: You have a pair of small antennae on your head. [demonic ancestry]
  2040 | D:2      | Reached XP level 4. HP: 30/30 MP: 2/7
  3107 | D:3      | ...
  3171 | D:3      | Noticed tricornhat's ghost (amateur HEFE)
  3545 | D:3      | Reached skill level 1 in Air Magic
  3553 | D:2      | Learned a level 4 spell: Olgreb's Toxic Radiance
  3777 | D:3      | Gained mutation: You sometimes gain a little power by taking damage. [demonic ancestry]
  3777 | D:3      | Reached XP level 5. HP: 30/35 MP: 0/9
  4188 | D:4      | Noticed Eustachio
  4318 | D:4      | Reached skill level 5 in Poison Magic
  4541 | D:3      | Noticed Terence
  4555 | D:3      | Killed Terence
  4626 | D:3      | Noticed Grinder
  4781 | D:4      | Killed Eustachio
  4781 | D:4      | Reached XP level 6. HP: 34/41 MP: 2/10
  5364 | D:4      | Got a transparent mace
  5367 | D:4      | Found a runed door.
  5409 | D:4      | Identified the +1 mace of Thoughtfulness {vamp, rPois} (You found it on level 4 of the Dungeon)
  5539 | D:5      | Entered Level 5 of the Dungeon
  5544 | D:5      | Noticed Prince Ribbit
  5546 | D:5      | Noticed an ice beast
  5556 | D:5      | Killed Prince Ribbit
  5556 | D:5      | Gained mutation: You are partially covered in molten scales. (AC +2) [demonic ancestry]
  5556 | D:5      | Reached XP level 7. HP: 46/46 MP: 0/12
  5676 | D:5      | Reached skill level 1 in Maces & Flails
  5903 | D:5      | Found a staircase to the Ecumenical Temple.
  6034 | D:6      | Found a hide-covered altar of Uskayaw.
  6166 | D:6      | Found a shimmering altar of Xom.
  6218 | D:5      | Noticed Sigmund
  6251 | D:5      | Killed Sigmund
  6251 | D:5      | Reached XP level 8. HP: 6/52 MP: 0/13
  6253 | D:5      | HP: 2/78 [phantom (5)]
  6265 | D:5      | Gained mutation: You have an increased reservoir of magic. (+10% MP) [potion of mutation]
  6265 | D:5      | Gained mutation: You are resistant to electric shocks. (rElec) [potion of mutation]
  6265 | D:5      | Gained mutation: Your spells are a little harder to cast, but a little more powerful. [potion of mutation]
  6912 | D:5      | Noticed Edmund
  6926 | D:5      | Killed Edmund
  7285 | Temple   | Entered the Ecumenical Temple
  7413 | Temple   | Became a worshipper of Kikubaaqudgha
  7761 | D:5      | Found a bloodstained altar of Trog.
  7764 | D:5      | Noticed a wizard
  7770 | D:5      | Killed a wizard
  8027 | D:6      | Reached skill level 1 in Necromancy
  8563 | D:6      | Found a glowing silver altar of Zin.
  8565 | D:6      | Found a sparkling altar of Nemelex Xobeh.
  8625 | D:6      | Gained mutation: You are mostly covered in molten scales. (AC +3) [demonic ancestry]
  8625 | D:6      | Reached XP level 9. HP: 57/57 MP: 10/17
  8817 | D:6      | Reached * piety under Kikubaaqudgha
  8817 | D:6      | Identified Kikubaaqudgha's Almanac of Necromancy (Kikubaaqudgha gifted it to you on level 6 of the Dungeon)
  8817 | D:6      | Received a gift from Kikubaaqudgha
  9361 | D:7      | Noticed Dowan
  9381 | D:7      | Killed Dowan
  9440 | D:7      | Noticed Duvessa
  9454 | D:7      | Killed Duvessa
  9454 | D:7      | Reached skill level 1 in Shields
  9596 | D:7      | Reached skill level 5 in Conjurations
  9727 | D:7      | Learned a level 3 spell: Vampiric Draining
  9825 | D:7      | Reached skill level 5 in Spellcasting
 10014 | D:7      | Reached ** piety under Kikubaaqudgha
 10184 | D:8      | Found a shattered altar of Ashenzari.
 10185 | D:8      | Found a burning altar of Makhleb.
 10230 | D:8      | Gained mutation: You have a pair of antennae on your head. [demonic ancestry]
 10230 | D:8      | Reached XP level 10. HP: 58/63 MP: 0/19
 10620 | D:8      | Reached skill level 5 in Armour
 10740 | D:8      | Found a staircase to the Lair.
 10767 | D:8      | Reached skill level 5 in Air Magic
 11084 | D:8      | Found a hazy altar of Hepliaklqana.
 11254 | D:8      | Reached skill level 5 in Necromancy
 11365 | D:8      | Found a radiant altar of Vehumet.
 11450 | D:8      | Reached *** piety under Kikubaaqudgha
 11450 | D:8      | Identified Kikubaaqudgha's Disquisition on Unholy Magic (Kikubaaqudgha gifted it to you on level 8 of the Dungeon)
 11450 | D:8      | Received a gift from Kikubaaqudgha
 11498 | D:8      | Learned a level 4 spell: Animate Dead
 12697 | D:9      | Reached skill level 1 in Fighting
 12697 | D:9      | Reached skill level 10 in Poison Magic
 13680 | D:9      | Found Pyasy's Food Shoppe.
 13705 | D:9      | Got a crude leather armour
 13716 | D:9      | Identified the +3 leather armour "Figeymiw" {rElec rF- rN++ Str-3} (You found it on level 9 of the Dungeon)
 13819 | D:9      | Reached XP level 11. HP: 69/70 MP: 14/22
 14027 | D:9      | Learned a level 2 spell: Repel Missiles
 14034 | D:9      | Learned a level 5 spell: Agony
 14048 | D:10     | Entered Level 10 of the Dungeon
 14173 | D:10     | Reached **** piety under Kikubaaqudgha
 15666 | D:11     | Found a sparkling altar of Nemelex Xobeh.
 15686 | D:11     | Got an iridescent battleaxe
 15878 | D:11     | !
 15936 | D:11     | Found Xahi's Weapon Shop.
 15936 | D:11     | Found a staircase to the Orcish Mines.
 15939 | D:11     | Noticed a skeletal warrior
 15939 | D:11     | why is there a skeletal warrior here.
 15940 | D:11     | Noticed a skeletal warrior
 15941 | D:11     | why is there a skeletal warrior band here
 15942 | D:11     | Noticed a skeletal warrior
 15960 | D:11     | this game was fun until this exact moment.
 16088 | Lair:1   | Entered Level 1 of the Lair of Beasts
 17633 | Lair:1   | Reached skill level 5 in Maces & Flails
 18457 | Lair:2   | Reached ***** piety under Kikubaaqudgha
 18550 | Lair:2   | Noticed a five-headed hydra
 18555 | Lair:2   | Killed a five-headed hydra
 18555 | Lair:2   | Gained mutation: You have a pair of large antennae on your head. (SInv) [demonic ancestry]
 18555 | Lair:2   | Reached XP level 12. HP: 82/82 MP: 3/24
 19132 | Lair:3   | Found a hole to the Spider Nest.
 19185 | Lair:3   | Found a dark tunnel.
 19252 | Volcano  | Entered a volcano
 19277 | Lair:3   | Noticed a six-headed hydra
 19355 | Lair:2   | HP: 4/83 [poisoned by a spiny frog]
 19362 | Lair:2   | HP: 4/83 [poisoned by a spiny frog]
 19370 | Lair:2   | HP: 4/83 [poisoned by a spiny frog]
 20962 | Lair:3   | Killed a six-headed hydra
 21498 | Lair:4   | Found a staircase to the Shoals.
 21744 | Lair:4   | Found a labyrinth entrance.
 21852 | Lair:4   | i hope i can kill a minotaur
 21853 | Lab      | Entered a labyrinth
 22047 | Lab      | Noticed a minotaur
 22054 | Lab      | Killed a minotaur
 22061 | Lab      | Got a translucent short sword {venom}
 22063 | Lab      | Identified the Grimoire of the Voyage
 22068 | Lab      | wow, these wands.
 22070 | Lab      | Got a twisted robe
 22093 | Lab      | Identified the cursed +1 robe "Nirghou" {MR+ Int+3} (You found it in a labyrinth)
 22104 | Lab      | Identified the +4 short sword of Woaba {venom, rF+ Int+3} (You took it off a minotaur in a labyrinth)
 22106 | Lab      | nice little short sword.
 23224 | Lair:5   | Noticed a five-headed hydra
 23231 | Lair:5   | Killed a five-headed hydra
 23391 | Lair:5   | Noticed Kirke
 23413 | Lair:5   | Killed Kirke
 23413 | Lair:5   | Reached skill level 5 in Fighting
 23766 | Lair:5   | Noticed a fire dragon
 23784 | Lair:5   | Killed a fire dragon
 23784 | Lair:5   | Reached XP level 13. HP: 87/91 MP: 11/26
 23995 | Lair:5   | Got a slimy mace
 23997 | Lair:5   | Identified the cursed +3 mace of the Harvest {crush, SInv Stlth+} (You found it on level 5 of the Lair of Beasts)
 24855 | Lair:6   | Entered Level 6 of the Lair of Beasts
 24881 | Lair:6   | Found a staircase to the Slime Pits.
 25545 | Lair:6   | Identified a scroll of acquirement
 25546 | Lair:6   | Got an ancient granite ring
 25550 | Lair:6   | Identified the ring of the Saviour {rF+ Stlth+} (You acquired it on level 6 of the Lair of Beasts)
 25700 | Lair:6   | Reached skill level 10 in Necromancy
 26531 | Lair:1   | Learned a level 5 spell: Dispel Undead
 28215 | Lair:1   | Learned a level 1 spell: Apportation
 29066 | D:11     | Gained mutation: You regenerate magic rapidly. [demonic ancestry]
 29066 | D:11     | Reached XP level 14. HP: 86/101 MP: 21/29
 29066 | D:11     | Reached ****** piety under Kikubaaqudgha
 29206 | Orc:1    | Entered Level 1 of the Orcish Mines
 29687 | Orc:1    | Noticed a stone giant
 29693 | Orc:1    | Killed a stone giant
 29892 | Orc:2    | Entered Level 2 of the Orcish Mines
 29892 | Orc:2    | Found Ragaari's Antique Armour Shoppe.
 29892 | Orc:2    | Found a staircase to the Elven Halls.
 29892 | Orc:2    | Noticed an orc warlord
 31714 | D:12     | Noticed Azzok's ghost (journeyman MiGl)
 31719 | D:12     | Killed Azzok's ghost
 31743 | D:12     | Reached skill level 10 in Armour
 32362 | D:13     | Got a bloodstained scale mail
 32373 | D:13     | Identified the +3 scale mail of the Barracuda {Str+2} (You found it on level 13 of the Dungeon)
 32727 | D:13     | Found a gate to the Vaults.
 32903 | D:13     | Found a glowing golden altar of the Shining One.
 33509 | D:14     | Found Moxaepn's Magic Scroll Emporium.
 33589 | D:14     | Found an opulent altar of Gozag.
 33675 | D:14     | Cast into level 2 of the Abyss (a wizard)
 33676 | Abyss:2  | oh well. i was enjoying this character.
 33709 | Abyss:2  | Found a corrupted altar of Lugonu.
 33981 | Abyss:3  | Noticed a starcursed mass
 34022 | Abyss:4  | Noticed a starcursed mass
 34057 | Abyss:4  | Noticed a starcursed mass
 34099 | Abyss:4  | Gained mutation: You are weak. (Str -2) [mutagenic glow]
 34102 | Abyss:4  | Noticed a lich
 34242 | Abyss:5  | Entered Level 5 of the Abyss
 34269 | Abyss:5  | Noticed a bone dragon
 34279 | Abyss:5  | Got a transparent cloak
 34333 | Abyss:5  | Noticed a tentacled starspawn
 34341 | Abyss:5  | Noticed a tentacled starspawn
 34374 | Abyss:5  | Noticed a starcursed mass
 34394 | Abyss:5  | Gained mutation: Your skin changes colour to match your surroundings (Stealth+). [a neqoxec]
 34407 | Abyss:5  | Found a burning altar of Makhleb.
 34469 | Abyss:5  | Noticed a white very ugly thing
 34474 | Abyss:5  | Noticed a tentacled starspawn
 34474 | Abyss:5  | Found a corrupted altar of Lugonu.
 34534 | Abyss:5  | Noticed a bone dragon
 34539 | Abyss:5  | Found a corrupted altar of Lugonu.
 34642 | Abyss:5  | Noticed a profane servitor
 34661 | Abyss:5  | Killed a profane servitor
 34684 | Abyss:5  | Noticed a starcursed mass
 34705 | Abyss:5  | Noticed a tentacled starspawn
 34761 | Abyss:5  | Noticed a tentacled starspawn
 34766 | Abyss:5  | Killed a tentacled starspawn
 34776 | Abyss:5  | Noticed a starcursed mass
 34803 | Abyss:5  | Reached XP level 15. HP: 19/110 MP: 2/31
 34811 | Abyss:5  | thank you.
 34812 | D:14     | Escaped the Abyss
 35274 | Lair:1   | Identified the +0 cloak of Kofiy {rElec} (You found it on level 5 of the Abyss)
 35446 | D:14     | Bought a scroll of identify for 34 gold pieces
 35446 | D:14     | Bought a scroll of fog for 34 gold pieces
 35446 | D:14     | Bought a scroll of identify for 34 gold pieces
 35446 | D:14     | Bought a scroll of teleportation for 51 gold pieces
 35446 | D:14     | Bought a scroll of recharging for 161 gold pieces
 35920 | D:14     | Got a transparent bone amulet
 35932 | D:14     | Identified the amulet of the Louse {Harm *Drain rF+ Int+5} (You found it on level 14 of the Dungeon)
 36259 | D:15     | Entered Level 15 of the Dungeon
 36259 | D:15     | Found Urphavve's Antique Weapon Shoppe.
 36456 | D:15     | Found a staircase to the Depths.
 37483 | D:15     | how does that do no damage to an efreet
 37782 | Spider:1 | Entered Level 1 of the Spider Nest
 37845 | Spider:1 | HP: 1/112 [wolf spider (19)]
 37845 | Spider:1 | Slain by a wolf spider

Skill      XL: |  1  2  3  4  5  6  7  8  9 10 11 12 13 14 15 |
---------------+----------------------------------------------+-----
Conjurations   | 1 2 3 4 5 |  5.0
Armour         | 1 2 3 4 5 7 8 9 10 11 | 11.0
Air Magic      | 1 2 3 4 5 |  5.0
Poison Magic   | 5 6 7 9 10 11 12 | 12.7
Spellcasting   | 3 4 5 6 7 8 9 |  9.9
Maces & Flails | 1 3 5 7 8 9 |  9.8
Necromancy     | 1 4 5 7 9 10 11 12 | 12.3
Shields        | 2 3 4 |  4.4
Fighting       | 1 3 5 6 7 8 |  8.4
Dodging        | |  1.7
Stealth        | |  1.7

Action                   |  1- 3 |  4- 6 |  7- 9 | 10-12 | 13-15 || total
-------------------------+-------+-------+-------+-------+-------++-------
Melee: Unarmed           |     1 |       |       |     3 |       ||     4
       Spear             |     4 |    28 |       |       |       ||    32
       Short sword       |       |    25 |       |       |       ||    25
       Mace              |       |       |   257 |   477 |       ||   734
       Whip              |       |       |       |   232 |   681 ||   913
Throw: Javelin           |       |     8 |    53 |    35 |     4 ||   100
 Cast: Sting             |    85 |   129 |    70 |    98 |    62 ||   444
       Mephitic Cloud    |       |     4 |     6 |     5 |     3 ||    18
       Olgreb's Toxic Ra |       |    11 |    35 |   123 |   160 ||   329
       Animate Dead      |       |       |       |    38 |    82 ||   120
       Agony             |       |       |       |    63 |    76 ||   139
       Repel Missiles    |       |       |       |     4 |     4 ||     8
       Dispel Undead     |       |       |       |       |    42 ||    42
       Vampiric Draining |       |       |       |       |    19 ||    19
       Apportation       |       |       |       |       |     4 ||     4
Invok: Receive Corpses   |       |       |       |     8 |    20 ||    28
Evoke: Wand              |       |       |       |    11 |    37 ||    48
  Use: Scroll            |     3 |     7 |     4 |    17 |    16 ||    47
       Potion            |     1 |     1 |    10 |    11 |    15 ||    38
 Stab: Sleeping          |       |       |     1 |     1 |     1 ||     3
       Distracted        |       |       |     1 |     1 |     5 ||     7
       Invisible         |       |       |       |     6 |       ||     6
       Paralysed         |       |       |       |     4 |    19 ||    23
  Eat: Chunk             |     5 |    14 |    15 |    68 |    62 ||   164
       Pizza             |       |     2 |       |     3 |       ||     5
       Royal jelly       |       |     1 |       |     1 |     5 ||     7
       Fruit             |       |       |     4 |    10 |    25 ||    39
       Bread ration      |       |       |     1 |     2 |       ||     3
Armor: Robe              |     2 |    13 |       |       |       ||    15
       Leather armour    |       |     6 |   178 |   365 |   247 ||   796
       Skin              |       |       |       |     2 |       ||     2
Dodge: Dodged            |    16 |    64 |   257 |   483 |   371 ||  1191
       Deflected         |       |       |       |    12 |    13 ||    25
Block: Buckler           |       |       |       |   101 |   160 ||   261
